 Dungeon Crawl Stone Soup version 0.26.1-11-gd32895ea62 (webtiles) character file.

Game seed: 6653297398756619554

1862 Revguard the Skirmisher (level 8, -3/64 HPs)
             Began as a Demonspawn Gladiator on July 26, 2021.
             Was a Follower of Yredelemnul.
             Slain by an ogre
             ... wielding a +0 giant spiked club
              (18 damage)
             ... on level 7 of the Dungeon.
             The game lasted 00:21:33 (7938 turns).

Revguard the Skirmisher (Demonspawn Gladiator)      Turns: 7938, Time: 00:21:33

Health: -3/64      AC: 10    Str: 16    XL:     8   Next: 89%
Magic:  10/10      EV: 13    Int: 10    God:    Yredelemnul [*.....]
Gold:   391        SH:  0    Dex: 15    Spells: 7/7 levels left

rFire    + . .     SeeInvis .   f - +1 hand axe (vamp)
rCold    + . .     Faith    .   (no shield)
rNeg     . . .     Spirit   .   t - +0 ring mail of Entitlement {rF+ rC+}
rPois    .         Reflect  .   c - +0 helmet
rElec    .         Harm     .   (no cloak)
rCorr    .         Rampage  .   (no gloves)
Will     .....                  (no boots)
Stlth    +.........             (no amulet)
HPRegen  0.20/turn              (no ring)
MPRegen  0.12/turn              (no ring)

@: lethally poisoned (-3 -> -5)
A: icy blue scales 2, demonic guardian 2
a: Renounce Religion, Animate Remains


You were on level 7 of the Dungeon.
You worshipped Yredelemnul.
Yredelemnul was aware of your devotion.
You visited 1 branch of the dungeon, and saw 7 of its levels.

You collected 391 gold pieces.

Inventory:

Hand Weapons
 a - a +0 war axe
 f - a +1 vampiric hand axe (weapon)
Missiles
 d - 3 throwing nets (quivered)
Armour
 c - a +0 helmet (worn)
 t - the +0 ring mail of Entitlement (worn) {rF+ rC+}
   (You found it on level 6 of the Dungeon)

   It protects you from fire.
   It protects you from cold.
Wands
 b - a wand of random effects (24)
 n - a wand of digging (6)
 o - a wand of enslavement (7)
 q - a wand of iceblast (14)
Scrolls
 g - 5 scrolls of teleportation
 h - 4 scrolls of remove curse
 i - a scroll of acquirement {unknown}
 k - 2 scrolls of magic mapping
 r - 2 scrolls of blinking
 v - a scroll of identify
Potions
 e - a potion of attraction {unknown}
 j - a potion of flight
 l - a potion of curing
 m - a potion of magic {unknown}
 p - a potion of resistance
 s - a potion of haste
 u - a potion of degeneration {unknown}
 w - a potion of brilliance {unknown}


   Skills:
 * Level 5.8 Fighting
 * Level 5.7 Axes
 - Level 1.7 Throwing
 * Level 4.9 Armour
 + Level 4.9 Dodging
 + Level 3.9 Invocations
 + Level 3.0 Evocations


You had 7 spell levels left.
You didn't know any spells.
Your spell library was empty.

Dungeon Overview and Level Annotations

Branches:
Dungeon (7/15)             Temple (0/1) D:4

Altars:
Ashenzari
Makhleb
Nemelex Xobeh
Okawaru
Yredelemnul


Innate Abilities, Weirdness & Mutations

You are mostly covered in icy blue scales. (AC +3)
A demonic guardian rushes to your aid.


Message History

A scorpion comes into view.
The killer bee closely misses you.
Your wyvern zombie bites the orc warrior!
The killer bee stings you but does no damage.
Something hits the orc warrior but does no damage.
The scorpion moves out of view.
There is an open door here.
You feel sick.
The killer bee stings you but does no damage.
You miss the killer bee.
Your surroundings suddenly seem different.
An ogre comes into view. It is wielding a +0 giant spiked club.
The ogre shouts!
An ufetubus comes into view.
The ufetubus shouts!
An ogre comes into view. It is wielding a +0 giant spiked club.
The ogre shouts!
The ogre hits you with a +0 giant spiked club!!
You die...
Your body rises from the dead as a mindless zombie.

#. #.# ..
.. #. #?#
#.
.....#O###
..O5...@.#
#.##.#.#.#
... .#
#... ..
..... .##
###### ##


You could see 2 ogres and an ufetubus.

Vanquished Creatures
  Edmund (D:6)
  Menkaure (D:5)
  2 ice beasts
  An orc warrior (D:6)
  A sky beast (D:6)
  A centaur (D:6)
  5 bullfrogs (D:6)
  3 scorpions
  A howler monkey (D:6)
  A bullfrog zombie (D:6)
  2 hounds
  An orc priest (D:7)
  An orc wizard (D:3)
  Jessica (D:3)
  Natasha (thrice) (D:3)
  3 worker ants
  A worker ant zombie (D:5)
  3 gnolls (D:5)
  7 adders
  A white imp (D:6)
  An ooze (D:4)
  2 worms (D:4)
  A dart slug (D:1)
  A leopard gecko (D:3)
  10 orcs
  4 giant cockroaches
  3 goblins
  5 hobgoblins
  7 jackals
  9 kobolds
  3 quokkas
  7 bats
  2 frilled lizards
  4 rats
99 creatures vanquished.

Vanquished Creatures (collateral kills)
  A wyvern (D:7)
  A water moccasin (D:5)
  A phantom (D:7)
  An ogre (D:5)
  A killer bee (D:7)
  A jelly (D:6)
  An iguana (D:7)
  2 orc wizards (D:7)
  4 orcs
  A giant cockroach (D:6)
  A scorpion zombie (D:7)
15 creatures vanquished.

Vanquished Creatures (others)
  A hound zombie (D:7)
  7 plants
8 creatures vanquished.

Grand Total: 122 creatures vanquished

Notes
Turn   | Place    | Note
-------+----------+-------------------------------------------
     0 | D:1      | Revguard the Demonspawn Gladiator began the quest for the
                  | Orb.
     0 | D:1      | Reached XP level 1. HP: 16/16 MP: 1/1
   294 | D:1      | Gained mutation: You are partially covered in icy blue
                  | scales. (AC +2) [demonic ancestry]
   294 | D:1      | Reached XP level 2. HP: 22/22 MP: 2/2
  1557 | D:2      | Reached skill level 1 in Armour
  1826 | D:2      | Reached XP level 3. HP: 28/28 MP: 3/3
  2525 | D:3      | Noticed Natasha
  2540 | D:3      | Killed Natasha
  2541 | D:3      | Reached XP level 4. HP: 25/34 MP: 4/4
  2951 | D:3      | Noticed Natasha
  2964 | D:3      | Killed Natasha
  2965 | D:3      | Gained mutation: You are mostly covered in icy blue scales.
                  | (AC +3) [demonic ancestry]
  2965 | D:3      | Reached XP level 5. HP: 41/41 MP: 5/5
  3039 | D:3      | Noticed Natasha
  3069 | D:3      | Killed Natasha
  3293 | D:3      | Noticed Jessica
  3301 | D:3      | Killed Jessica
  3473 | D:4      | Found a sparkling altar of Nemelex Xobeh.
  3613 | D:4      | Found a basalt altar of Yredelemnul.
  3621 | D:4      | Became a worshipper of Yredelemnul the Dark
  3718 | D:4      | Found a staircase to the Ecumenical Temple.
  3733 | D:4      | Gained mutation: A weak demonic guardian rushes to your
                  | aid. [demonic ancestry]
  3733 | D:4      | Reached XP level 6. HP: 45/47 MP: 6/6
  4180 | D:5      | Entered Level 5 of the Dungeon
  4295 | D:5      | Noticed an ice beast
  4332 | D:5      | Killed an ice beast
  4364 | D:5      | Noticed Menkaure
  4378 | D:5      | Killed Menkaure
  4379 | D:5      | Reached skill level 1 in Invocations
  4379 | D:5      | Reached skill level 1 in Evocations
  4656 | D:5      | Noticed a water moccasin
  4664 | D:5      | Killed a water moccasin
  4665 | D:5      | Reached XP level 7. HP: 42/54 MP: 6/8
  5052 | D:5      | Found a broken altar of Ashenzari.
  5782 | D:6      | Noticed Edmund
  5805 | D:6      | Killed Edmund
  6364 | D:6      | Gained mutation: A demonic guardian rushes to your aid.
                  | [demonic ancestry]
  6364 | D:6      | Reached XP level 8. HP: 61/61 MP: 8/10
  6381 | D:6      | Reached skill level 5 in Fighting
  6381 | D:6      | Reached skill level 5 in Axes
  6466 | D:6      | Found an iron altar of Okawaru.
  6563 | D:6      | Got an encrusted ring mail
  6574 | D:6      | Identified the +0 ring mail of Entitlement {rF+ rC+} (You
                  | found it on level 6 of the Dungeon)
  6917 | D:6      | Reached * piety under Yredelemnul
  7926 | D:7      | Found a burning altar of Makhleb.
  7938 | D:7      | Slain by an ogre

Illustrated notes

Levels and vault maps discovered:
D:1:      tarquinn_simple_flora_water_a, layout_basic, serial_forest,
          infiniplex_forest_zigzag_2, infiniplex_forest_join,
          infiniplex_forest_clump_cross, infiniplex_forest_zigzag_1,
          infiniplex_forest_clump_C
D:2:      layout_basic, minmay_misc_feat_ornament, minmay_misc_feat_x
D:3:      layout_rooms, uniq_natasha, uniq_jessica
D:4:      layout_basic, nicolae_overflow_crystal_walls,
          minmay_temple_entry_steel_oval, nemelex_lonely_heart_becter
D:5:      layout_loops_corners, lemuel_doored_altar, uniq_menkaure
D:6:      kennysheep_six_static_rooms, layout_basic, overflow_temple_1_default,
          serial_bayou_lagoon_a, uniq_edmund
D:7:      layout_loops_corners, nemelex_xobeh_ov_fountains_minmay,
          lemuel_coloured_pillars_altar, basic_altar,
          makhleb_blood_cavern_becter

Skill      XL: |  1  2  3  4  5  6  7  8 |
---------------+-------------------------+-----
Axes           | 3 4 5 |  5.7
Armour         | 1 2 3 4 |  4.9
Dodging        | 3 4 |  4.9
Fighting       | 3 4 5 |  5.8
Invocations    | 1 2 3 |  3.9
Evocations     | 1 2 3 |  3.0
Throwing       | |  1.7

Action                   |  1- 3 |  4- 6 |  7- 9 || total
-------------------------+-------+-------+-------++-------
Melee: War axe           |    11 |       |       ||    11
       Hand axe          |   134 |   211 |   235 ||   580
Invok: Animate Remains   |       |       |     9 ||     9
  Use: Scroll            |     5 |     5 |     3 ||    13
       Potion            |     1 |     1 |     3 ||     5
 Stab: Distracted        |       |     2 |     3 ||     5
Armor: Leather armour    |    17 |       |       ||    17
       Scale mail        |    37 |    80 |    59 ||   176
       Ring mail         |       |       |    37 ||    37
Dodge: Dodged            |    97 |   115 |   183 ||   395
